 Dungeon Crawl Stone Soup version 0.31.0-12-g77e489cdc1 (webtiles) character file.

Game seed: 3933113594601131321

4 Arctor the Firebug (level 1, 0/10 HPs)
             Began as a Deep Elf Fire Elementalist on Feb 21, 2024.
             Slain by a kobold
             ... wielding a +0 club
              (3 damage)
             ... on level 1 of the Dungeon.
             The game lasted 00:00:08 (68 turns).

Arctor the Firebug (Deep Elf Fire Elementalist)       Turns: 68, Time: 00:00:08

Health: 0/10       AC:  2    Str:  5    XL:     1   Next: 50%
Magic:  1/6        EV: 12    Int: 19    God:
Gold:   0          SH:  0    Dex: 15    Spells: 5/6 levels left

rFire   . . .        (no weapon)
rCold   . . .        (no shield)
rNeg    . . .        a - +0 robe
rPois   .            (no helmet)
rElec   .            (no cloak)
rCorr   .            (no gloves)
SInv    .            (no boots)
Will    .....        (no amulet)
Stlth   ++           (no ring)
HPRegen 0.21/turn    (no ring)
MPRegen 0.10/turn

%: no passive effects
@: no status effects
A: no striking features
a: no special abilities


You were on level 1 of the Dungeon.
You visited 1 branch of the dungeon, and saw 1 of its levels.

Inventory:

Armour
 a - a +0 robe (worn)
Scrolls
 c - a scroll of identify {unknown}
Potions
 b - a potion of magic


   Skills:
 + Level 2.5 Dodging
 + Level 2.5 Stealth
 + Level 3.1 Spellcasting
 + Level 1.2 Conjurations
 + Level 3.3 Fire Magic


You had 5 spell levels left.
You knew the following spells:

 Your Spells              Type           Power      Damage    Failure   Level
a - Foxfire               Conj/Fire      44%        2x1d6     6%          1

Your spell library contained the following spells:

 Spells                   Type           Power      Damage    Failure   Level
 Scorch                   Fire           30%        2d6       6%          2
 Inner Flame              Hex/Fire       9%         N/A       22%         3
 Volatile Blastmotes      Fire/Tloc      18%        2d11      22%         3
 Flame Wave               Conj/Fire      11%        2d6       52%         4


Dungeon Overview and Level Annotations

Branches:
Dungeon (1/15)

Altars:


Message History

You are too injured to fight recklessly!
There are monsters nearby!
The foxfire hits the hobgoblin but does no damage.
You are too injured to fight recklessly!
A giant cockroach comes into view.
You are too injured to fight recklessly!
You are too injured to fight recklessly!
The hobgoblin closely misses you.
Your magical contamination has completely faded away.
Casting: Foxfire (safe; 6% risk of failure)
Confirm with . or Enter, or press ? or * to list all spells.
You conjure some foxfire!
The kobold hits you but does no damage.
The hobgoblin hits you but does no damage.
The foxfire hits the hobgoblin.
The hobgoblin is severely wounded.
The foxfire hits the hobgoblin.
You kill the hobgoblin!
The kobold attacks as it pursues you! The kobold misses you.
Casting: Foxfire (safe; 6% risk of failure)
Confirm with . or Enter, or press ? or * to list all spells.
You conjure some foxfire!
Casting: Foxfire (safe; 6% risk of failure)
Confirm with . or Enter, or press ? or * to list all spells.
You conjure some foxfire!
The foxfire hits the gnoll.
The gnoll is lightly wounded.
The foxfire hits the gnoll.
The gnoll is lightly wounded.
The kobold hits you with a +0 club.
The foxfire hits the gnoll.
The gnoll is moderately wounded.
Sorry, you're not good enough to have a special ability.
The foxfire hits the gnoll.
The gnoll is moderately wounded.
Unknown command.
The kobold attacks as it pursues you! The kobold hits you but does no damage.
The kobold attacks as it pursues you! The kobold hits you but does no damage.
The kobold attacks as it pursues you! The kobold closely misses you.
The kobold attacks as it pursues you! The kobold hits you with a +0 club.
* * * LOW HITPOINT WARNING * * *
The kobold attacks as it pursues you! The kobold hits you with a +0 club.
You die...

#.
...........##.####
...........##....#
...........###.<.##
.........>.#.#....#
...........#.####.#
....†......#......##
...........#.≈≈....#
.....#....#.≈≈@...#
...........#..K....#
.......#.B.#g......#
.......#...........#
.......##.##########
...........
......#####. ......
.. .


You could see a gnoll and a kobold.

Vanquished Creatures
  An endoplasm (D:1)
  2 hobgoblins (D:1)
3 creatures vanquished.

Vanquished Creatures (others)
  16 foxfires (D:1)
16 creatures vanquished.

Grand Total: 19 creatures vanquished

Notes
Turn   | Place    | Note
-------+----------+-------------------------------------------
     0 | D:1      | Arctor the Deep Elf Fire Elementalist began the quest for
                  | the Orb.
     0 | D:1      | Reached XP level 1. HP: 10/10 MP: 6/6
    68 | D:1      | Slain by a kobold

Illustrated notes

Levels and vault maps discovered:
D:1:      amcnicky_arrival_double_pillar, layout_rooms,
          shapermc_ecumenical_altar_gd, minivault_5

Action                     || total
---------------------------++-------
   Cast: Foxfire           ||     9
 Armour: Robe              ||     7
  Dodge: Dodged            ||     3
